[Event "5th EKA IIFL Investment 2019"]
[Site "Mumbai"]
[Date "2019.12.30"]
[Round "1.42"]
[White "Tarini Goyal"]
[Black "Muthaiah AL"]
[Result "1/2-1/2"]
[ECO "E21"]
[WhiteElo "2098"]
[BlackElo "2363"]
[Annotator "ChessBase"]
[PlyCount "62"]
[EventDate "2019.12.30"]
[EventType "swiss"]
[EventCountry "IND"]
[SourceTitle "playchess.com"]
[Source "ChessBase"]
[SourceQuality "1"]
[TimeControl "40/5400+30:1800+30"]

1. d4 Nf6 2. c4 e6 3. Nc3 Bb4 4. Nf3 b6 5. e3 Bb7 6. Bd3 c5 7. O-O Bxc3 8. bxc3 O-O 9. a4 d6 10. a5 Nbd7 11. Nd2 Re8 12. e4 cxd4 13. cxd4 e5 14. d5 Nc5 15. Bc2 bxa5 16. Nb3 Nxb3 17. Bxb3 Nxe4 18. Be3 Qc7 19. Bc2 Nc5 20. Qb1 Rab8 21. Bxh7+ Kf8 22. Qf5 Ba6 23. Qh3 Nd7 24. Rfc1 Ke7 25. Qh4+ f6 26. Qg4 Kd8 27. Qxg7 Re7 28. Qg8+ Re8 29. Qg7 Re7 30. Qg8+ Re8 31. Qg7 Re7 1/2-1/2

[Event "5th EKA IIFL Investment 2019"]
[Site "Mumbai"]
[Date "2019.12.30"]
[Round "1.43"]
[White "Audi Ameya"]
[Black "Jay Kundaliya"]
[Result "0-1"]
[ECO "B90"]
[WhiteElo "2360"]
[BlackElo "2088"]
[Annotator "ChessBase"]
[PlyCount "112"]
[EventDate "2019.12.30"]
[EventType "swiss"]
[EventCountry "IND"]
[SourceTitle "playchess.com"]
[Source "ChessBase"]
[SourceQuality "1"]
[TimeControl "40/5400+30:1800+30"]

1. e4 c5 2. Nf3 d6 3. d4 cxd4 4. Nxd4 Nf6 5. Nc3 a6 6. f3 e5 7. Nb3 Be6 8. Be3 Be7 9. Qd2 O-O 10. O-O-O a5 11. Kb1 Na6 12. g4 Nc7 13. g5 Nh5 14. a4 Qc8 15. Rg1 d5 16. Bb6 d4 17. Na2 Qd7 18. Nac1 Rfc8 19. Bxc7 Qxc7 20. Bb5 Bb4 21. Qf2 Nf4 22. Nd3 Nh3 23. Qg2 Nxg1 24. Rxg1 Bd6 25. h4 Bc4 26. Bxc4 Qxc4 27. h5 b5 28. g6 fxg6 29. hxg6 h6 30. axb5 a4 31. Nbc1 Rab8 32. Na2 Rxb5 33. Rh1 Ba3 34. Ka1 Bf8 35. Qg4 Rcb8 36. Qf5 Re8 37. Rh2 Qe6 38. Qh5 Reb8 39. Rh1 R8b6 40. Rg1 Qc4 41. Qh2 Qc7 42. Qg2 Qb8 43. Qf1 Be7 44. Qd1 Bg5 45. Nab4 Rxb4 46. Nxb4 Rxb4 47. Rxg5 hxg5 48. Qh1 Rxb2 49. Qh7+ Kf8 50. Qh8+ Ke7 51. Qxg7+ Kd6 52. Qf6+ Kc5 53. Qe7+ Kc4 54. Qa3 Rb1+ 55. Ka2 Qb4 56. g7 Ra1+ 0-1

[Event "5th EKA IIFL Investment 2019"]
[Site "Mumbai"]
[Date "2019.12.30"]
[Round "1.44"]
[White "Ram Prakash, R."]
[Black "Neelash Saha"]
[Result "0-1"]
[ECO "A41"]
[WhiteElo "2191"]
[BlackElo "2356"]
[Annotator "ChessBase"]
[PlyCount "132"]
[EventDate "2019.12.30"]
[EventType "swiss"]
[EventCountry "IND"]
[SourceTitle "playchess.com"]
[Source "ChessBase"]
[SourceQuality "1"]
[TimeControl "40/5400+30:1800+30"]

1. d4 d6 2. e4 Nd7 3. Nf3 a6 4. Nc3 g6 5. Bc4 e6 6. a4 Bg7 7. Bg5 Ne7 8. Qd2 h6 9. Bh4 O-O 10. Rd1 b6 11. O-O Bb7 12. Rfe1 g5 13. Bg3 Ng6 14. h3 Re8 15. Bh2 Kh8 16. Qd3 Ndf8 17. Nd2 Nf4 18. Qe3 N8g6 19. Bf1 Qd7 20. Nb3 f5 21. h4 Bf6 22. hxg5 hxg5 23. e5 Be7 24. a5 Kg7 25. axb6 cxb6 26. d5 dxe5 27. Qxb6 exd5 28. Bxf4 gxf4 29. Nxd5 Bxd5 30. Qa5 Rad8 31. Bc4 Bxc4 32. Rxd7 Rxd7 33. Nd2 Bf7 34. Nf3 Bf6 35. Qxa6 e4 36. Nh2 Red8 37. Qa1 Rb7 38. Rb1 Rdb8 39. Qa5 Rb5 40. Qc7 R8b7 41. Qc8 Ne7 42. Qa8 Rb8 43. Qa7 R5b7 44. Qc5 Rxb2 45. Rxb2 Rb7 46. Rb4 Rxb4 47. g4 Rb2 48. gxf5 f3 49. Nf1 Rb1 50. c4 Rc1 51. Qe3 Rxc4 52. Qf4 Rc5 53. Ng3 Ra5 54. Qxe4 Bd5 55. Qf4 Kf7 56. Kh2 Ra8 57. Qe3 Rg8 58. Qf4 Rh8+ 59. Kg1 Rh4 60. Qc7 Rc4 61. Qd6 Rd4 62. Qc7 Rd1+ 63. Kh2 Rd2 64. Nh1 Re2 65. Kh3 Re4 66. Qd7 Rh4+ 0-1

[Event "5th EKA IIFL Investment 2019"]
[Site "Mumbai"]
[Date "2019.12.30"]
[Round "1.45"]
[White "Kaustuv, Kundu"]
[Black "Thipsay, Bagyashree Sathe"]
[Result "1-0"]
[ECO "A20"]
[WhiteElo "2349"]
[BlackElo "2087"]
[Annotator "ChessBase"]
[PlyCount "121"]
[EventDate "2019.12.30"]
[EventType "swiss"]
[EventCountry "IND"]
[SourceTitle "playchess.com"]
[Source "ChessBase"]
[SourceQuality "1"]
[TimeControl "40/5400+30:1800+30"]

1. c4 e5 2. g3 Nf6 3. Bg2 d5 4. cxd5 Nxd5 5. Nf3 Nc6 6. O-O Nb6 7. b3 Bd6 8. Bb2 O-O 9. e4 Bg4 10. h3 Bxf3 11. Qxf3 Bc5 12. Rc1 Qe7 13. Nc3 Nd4 14. Qd1 c6 15. Rab1 Rfd8 16. d3 Rd7 17. Qf1 Rad8 18. Kh1 Ne6 19. Rd1 Bd4 20. Rbc1 Na8 21. h4 Nac7 22. Bh3 Nb5 23. Nxb5 Bxb2 24. Rc2 cxb5 25. Rxb2 Rc7 26. Bxe6 Qxe6 27. Rbd2 Rd4 28. Rc1 Qc8 29. Rxc7 Qxc7 30. Qd1 Qd7 31. Kg2 f5 32. exf5 e4 33. Qh5 exd3 34. Qf3 Kf7 35. Qe3 Qd5+ 36. f3 a5 37. Kf2 a4 38. Qe6+ Qxe6 39. fxe6+ Kxe6 40. Ke3 Rd8 41. Rxd3 Rc8 42. Kd2 Rc7 43. Rc3 Rf7 44. Re3+ Kd5 45. Kc3 axb3 46. axb3 Kc5 47. f4 Rd7 48. b4+ Kc6 49. Re6+ Kd5 50. Re5+ Kc6 51. h5 h6 52. g4 Rf7 53. f5 Rd7 54. Rc5+ Kb6 55. Rc8 Rd1 56. Rg8 Rc1+ 57. Kd3 Rc4 58. Rxg7 Rxb4 59. f6 Rf4 60. f7 b4 61. g5 1-0

[Event "5th EKA IIFL Investment 2019"]
[Site "Mumbai"]
[Date "2019.12.30"]
[Round "1.46"]
[White "Sarbojit Paul"]
[Black "Anuj Shrivatri"]
[Result "1/2-1/2"]
[ECO "C60"]
[WhiteElo "2084"]
[BlackElo "2348"]
[Annotator "ChessBase"]
[PlyCount "107"]
[EventDate "2019.12.30"]
[EventType "swiss"]
[EventCountry "IND"]
[SourceTitle "playchess.com"]
[Source "ChessBase"]
[SourceQuality "1"]
[TimeControl "40/5400+30:1800+30"]

1. e4 e5 2. Nf3 Nc6 3. Bb5 g6 4. O-O Bg7 5. c3 a6 6. Ba4 b5 7. Bb3 d6 8. d4 exd4 9. cxd4 Nge7 10. Nc3 O-O 11. Nd5 h6 12. h3 Na5 13. Nxe7+ Qxe7 14. Bc2 c5 15. b3 Nc6 16. Be3 Qf6 17. e5 dxe5 18. dxe5 Nxe5 19. Be4 Rb8 20. Bxc5 Rd8 21. Qe2 Bxh3 22. Ba7 Nxf3+ 23. Qxf3 Qxf3 24. Bxf3 Bxa1 25. gxh3 Be5 26. Bxb8 Bxb8 27. Rd1 Rxd1+ 28. Bxd1 b4 29. Kf1 Kg7 30. Be2 a5 31. Bc4 f5 32. h4 Kf6 33. Kg2 Bd6 34. Kf3 Bc5 35. Kg3 Bd4 36. f4 Bc3 37. Be2 Be1+ 38. Kh3 Ke6 39. Bc4+ Ke7 40. Bg8 Bf2 41. Bc4 Bc5 42. Kg3 Be3 43. Bg8 Bd2 44. Bc4 Kf6 45. Bg8 Be1+ 46. Kh3 g5 47. hxg5+ hxg5 48. fxg5+ Kxg5 49. Kg2 Kf4 50. Kf1 Bh4 51. Ke2 Ke4 52. Bh7 Bg5 53. Bg6 Ke5 54. Kd3 1/2-1/2

[Event "5th EKA IIFL Investment 2019"]
[Site "Mumbai"]
[Date "2019.12.30"]
[Round "1.47"]
[White "Harshavardhan G B"]
[Black "Pimpalkhare Vedant"]
[Result "1-0"]
[ECO "D41"]
[WhiteElo "2344"]
[BlackElo "2082"]
[Annotator "ChessBase"]
[PlyCount "49"]
[EventDate "2019.12.30"]
[EventType "swiss"]
[EventCountry "IND"]
[SourceTitle "playchess.com"]
[Source "ChessBase"]
[SourceQuality "1"]
[TimeControl "40/5400+30:1800+30"]

1. d4 e6 2. c4 Nf6 3. Nc3 d5 4. Nf3 c5 5. cxd5 Nxd5 6. e4 Nxc3 7. bxc3 cxd4 8. cxd4 Bb4+ 9. Bd2 Bxd2+ 10. Qxd2 O-O 11. Bc4 Nd7 12. O-O b6 13. e5 Bb7 14. Qe3 Bxf3 15. Qxf3 Qh4 16. Qe3 Rfd8 17. f4 Nf8 18. Rad1 Rac8 19. Bb3 g6 20. d5 exd5 21. Bxd5 Rc7 22. e6 fxe6 23. Bxe6+ Nxe6 24. Qxe6+ Kf8 25. g3 1-0

[Event "5th EKA IIFL Investment 2019"]
[Site "Mumbai"]
[Date "2019.12.30"]
[Round "1.48"]
[White "Nikhil Magizhnan"]
[Black "Ameir, Moheb"]
[Result "0-1"]
[ECO "B12"]
[WhiteElo "2077"]
[BlackElo "2342"]
[Annotator "ChessBase"]
[PlyCount "71"]
[EventDate "2019.12.30"]
[EventType "swiss"]
[EventCountry "IND"]
[SourceTitle "playchess.com"]
[Source "ChessBase"]
[SourceQuality "1"]
[TimeControl "40/5400+30:1800+30"]

1. e4 c6 2. d4 d5 3. e5 Bf5 4. Ne2 e6 5. Ng3 Bg6 6. h4 h5 7. c4 Ne7 8. Nc3 dxc4 9. Bxc4 Nf5 10. Nge2 Bh7 11. Bg5 Be7 12. Qd2 Nd7 13. Ne4 Nb6 14. Bd3 f6 15. exf6 gxf6 16. Be3 Nd5 17. O-O Nxh4 18. N4g3 Bxd3 19. Qxd3 Qd7 20. Rad1 O-O-O 21. Rfe1 Rdg8 22. Bc1 Bd6 23. Nc3 Nxg2 24. Kxg2 Nxc3 25. bxc3 h4 26. Rh1 hxg3 27. Rxh8 Rxh8 28. fxg3 Rg8 29. Rh1 Rxg3+ 30. Qxg3 Bxg3 31. Kxg3 e5 32. Be3 b6 33. Rh6 Kb7 34. Kf2 Qf5+ 35. Ke1 Qd3 36. Bd2 0-1

[Event "5th EKA IIFL Investment 2019"]
[Site "Mumbai"]
[Date "2019.12.30"]
[Round "1.49"]
[White "Bharat Kumar Reddy Poluri"]
[Black "Bakshi, Rutuja"]
[Result "1-0"]
[ECO "C09"]
[WhiteElo "2337"]
[BlackElo "2075"]
[Annotator "ChessBase"]
[PlyCount "119"]
[EventDate "2019.12.30"]
[EventType "swiss"]
[EventCountry "IND"]
[SourceTitle "playchess.com"]
[Source "ChessBase"]
[SourceQuality "1"]
[TimeControl "40/5400+30:1800+30"]

1. e4 e6 2. d4 d5 3. Nd2 c5 4. Ngf3 Nc6 5. exd5 exd5 6. Bb5 Bd6 7. O-O Nge7 8. dxc5 Bxc5 9. Nb3 Bd6 10. Re1 O-O 11. h3 Bf5 12. c3 h6 13. Be3 Qc7 14. Nfd4 Be4 15. Bd3 Bxd3 16. Qxd3 Ne5 17. Qc2 Qd7 18. Rad1 Nc4 19. Nf3 Rad8 20. Bc5 Qc7 21. Bxd6 Nxd6 22. Rd3 Ne4 23. Nfd2 Nc6 24. Rde3 f5 25. Nf3 Qb6 26. Rd1 Rf6 27. Red3 Rfd6 28. Nbd4 g6 29. a3 Na5 30. a4 a6 31. b4 Nc4 32. a5 Qa7 33. Nb3 b6 34. Ra1 bxa5 35. Nxa5 Qb6 36. Nd4 Ne5 37. Re3 Nc4 38. Nxc4 dxc4 39. Rxe4 fxe4 40. Qxe4 Rf6 41. Ra5 Qd6 42. Re5 Rdf8 43. f3 Qd7 44. Re7 Qa4 45. Qd5+ R8f7 46. Qxc4 Qd1+ 47. Kh2 Qd2 48. Re4 Kh7 49. Qc8 Rf4 50. Re8 Rxd4 51. cxd4 Qf4+ 52. Kh1 Qxd4 53. Qb8 Rd7 54. Re6 a5 55. b5 a4 56. Ra6 Qf2 57. Kh2 Qd4 58. b6 h5 59. b7 Qc4 60. Ra8 1-0

[Event "5th EKA IIFL Investment 2019"]
[Site "Mumbai"]
[Date "2019.12.31"]
[Round "2.12"]
[White "Mirzoev, Azer"]
[Black "Thakur, Akash"]
[Result "1-0"]
[ECO "D11"]
[WhiteElo "2457"]
[BlackElo "2300"]
[Annotator "ChessBase"]
[PlyCount "181"]
[EventDate "2019.12.30"]
[EventType "swiss"]
[EventCountry "IND"]
[SourceTitle "playchess.com"]
[Source "ChessBase"]
[SourceQuality "1"]
[TimeControl "40/5400+30:1800+30"]

1. d4 d5 2. c4 c6 3. Nf3 Nf6 4. Qc2 dxc4 5. Qxc4 Bf5 6. g3 e6 7. Bg2 Nbd7 8. O-O Be7 9. Nbd2 O-O 10. Qb3 Qb6 11. Nc4 Qxb3 12. axb3 Be4 13. Bf4 Nd5 14. Bd6 a6 15. Bxe7 Nxe7 16. Nd6 Bxf3 17. Bxf3 Rab8 18. Nc4 Nd5 19. Rfd1 Nc7 20. e3 Rfd8 21. Kg2 Kf8 22. h4 Ke7 23. Rac1 Nf6 24. Ne5 Nfd5 25. Nd3 Nb5 26. Nc5 Nf6 27. h5 h6 28. Be2 Nc7 29. g4 Nd7 30. Nd3 f6 31. Nf4 Nd5 32. Ng6+ Ke8 33. Bd3 Nf8 34. Nh4 Rbc8 35. Kf1 Rc7 36. Ke2 Rdc8 37. Be4 Rd8 38. f4 Ne7 39. Nf3 Nd7 40. Rg1 Rdc8 41. Nd2 Kf8 42. Nc4 b5 43. Nd6 Rd8 44. Bg2 f5 45. gxf5 Nf6 46. Ne4 Nxe4 47. Bxe4 exf5 48. Bf3 Rd6 49. Rc5 Rb7 50. Rgc1 Rb6 51. Re5 Rb7 52. b4 Rb8 53. Kf2 Rb6 54. Ke1 Kf7 55. Bd1 Kf6 56. Bb3 Rb8 57. Ke2 g5 58. hxg6 Nxg6 59. Rh1 Rh8 60. Kf3 Ne7 61. Ra1 Ra8 62. Rc1 Rh8 63. Kg2 Rhd8 64. Kh3 Nd5 65. Rc5 Kg6 66. Bxd5 cxd5 67. Kh4 R8d7 68. Rc1 Kf6 69. Rg1 Rc6 70. Kh5 Rc2 71. Rg6+ Kf7 72. Rxf5+ Ke8 73. Rg8+ Ke7 74. Rg7+ Ke6 75. Re5+ Kd6 76. Rxd7+ Kxd7 77. Rxd5+ Ke6 78. Re5+ Kf6 79. d5 Rxb2 80. e4 Rxb4 81. Re6+ Kf7 82. f5 a5 83. d6 a4 84. e5 Rd4 85. Re7+ Kf8 86. f6 a3 87. Ra7 Rd5 88. Kg6 Rxe5 89. Ra8+ Re8 90. Rxe8+ Kxe8 91. f7+ 1-0

[Event "5th EKA IIFL Investment 2019"]
[Site "Mumbai"]
[Date "2019.12.31"]
[Round "2.14"]
[White "Sardana, Rishi"]
[Black "Nitish, Belurkar"]
[Result "1/2-1/2"]
[ECO "A05"]
[WhiteElo "2428"]
[BlackElo "2294"]
[Annotator "ChessBase"]
[PlyCount "128"]
[EventDate "2019.12.30"]
[EventType "swiss"]
[EventCountry "IND"]
[SourceTitle "playchess.com"]
[Source "ChessBase"]
[SourceQuality "1"]
[TimeControl "40/5400+30:1800+30"]

1. Nf3 Nf6 2. g3 g6 3. Bg2 Bg7 4. d4 d6 5. b3 O-O 6. Bb2 e5 7. dxe5 Ng4 8. c4 Nxe5 9. Nc3 Nxf3+ 10. Bxf3 Nc6 11. O-O Bh3 12. Re1 Qd7 13. Qd2 Rad8 14. Rad1 Rfe8 15. Nd5 Ne5 16. Nf4 c6 17. Nxh3 Nxf3+ 18. exf3 Bxb2 19. Qxb2 Qxh3 20. Qf6 d5 21. cxd5 cxd5 22. Rxe8+ Rxe8 23. Qd4 Qf5 24. Qxd5 Re1+ 25. Kg2 Rxd1 26. Qxd1 b6 27. Qd8+ Kg7 28. Qd4+ Kg8 29. Qa4 a5 30. Qe8+ Kg7 31. Qc6 Qb1 32. Qc3+ Kg8 33. a3 Qd1 34. Qc4 Qd6 35. b4 h5 36. h4 Qe7 37. Qb5 axb4 38. axb4 Qb7 39. Qe8+ Kg7 40. Qe5+ Kh7 41. b5 Qd7 42. Qf6 Qc7 43. f4 Kg8 44. f5 Kh7 45. Kf3 Qa7 46. Qc6 gxf5 47. Kf4 Qa4+ 48. Kxf5 Qd4 49. f3 Kg7 50. Qe8 Qd3+ 51. Kf4 Qd2+ 52. Qe3 Qb4+ 53. Qe4 Qxb5 54. Qe5+ Qxe5+ 55. Kxe5 Kg6 56. g4 b5 57. Kd4 b4 58. Kc4 hxg4 59. fxg4 f5 60. h5+ Kg5 61. h6 Kxh6 62. gxf5 Kg5 63. f6 Kxf6 64. Kxb4 Ke5 1/2-1/2

[Event "5th EKA IIFL Investment 2019"]
[Site "Mumbai"]
[Date "2019.12.31"]
[Round "2.15"]
[White "Hesham, Abdelrahman"]
[Black "Vantika, Agrawal"]
[Result "1/2-1/2"]
[ECO "E67"]
[WhiteElo "2416"]
[BlackElo "2287"]
[Annotator "ChessBase"]
[PlyCount "77"]
[EventDate "2019.12.30"]
[EventType "swiss"]
[EventCountry "IND"]
[SourceTitle "playchess.com"]
[Source "ChessBase"]
[SourceQuality "1"]
[TimeControl "40/5400+30:1800+30"]

1. d4 Nf6 2. c4 d6 3. Nf3 g6 4. Nc3 Bg7 5. g3 O-O 6. Bg2 Nbd7 7. O-O e5 8. Qc2 exd4 9. Nxd4 Nb6 10. Rd1 Nxc4 11. Ncb5 a6 12. Nxc7 Qxc7 13. b3 Be6 14. Rb1 Bd5 15. bxc4 Bxg2 16. Kxg2 Rfc8 17. Qb3 Rab8 18. Ba3 Ne4 19. f3 Nc5 20. Qc2 Qe7 21. Nb3 b5 22. Nxc5 dxc5 23. Rd5 b4 24. Bc1 f5 25. h4 Re8 26. Kf1 Rb6 27. Bg5 Bf6 28. Rbd1 Bxg5 29. Rd7 Qe5 30. hxg5 Qxg3 31. Qb2 Qh3+ 32. Kg1 Qg3+ 33. Kf1 Qh3+ 34. Ke1 Qh1+ 35. Kf2 Qh2+ 36. Kf1 Qh1+ 37. Kf2 Qh2+ 38. Kf1 Qh1+ 39. Kf2 1/2-1/2

[Event "5th EKA IIFL Investment 2019"]
[Site "Mumbai"]
[Date "2019.12.31"]
[Round "2.16"]
[White "Zysk, Robert"]
[Black "Deshpande, Aniruddha"]
[Result "1/2-1/2"]
[ECO "E63"]
[WhiteElo "2403"]
[BlackElo "2275"]
[Annotator "ChessBase"]
[PlyCount "100"]
[EventDate "2019.12.30"]
[EventType "swiss"]
[EventCountry "IND"]
[SourceTitle "playchess.com"]
[Source "ChessBase"]
[SourceQuality "1"]
[TimeControl "40/5400+30:1800+30"]

1. d4 Nf6 2. c4 g6 3. Nf3 Bg7 4. g3 O-O 5. Bg2 d6 6. O-O Nc6 7. Nc3 a6 8. d5 Na5 9. b3 c5 10. dxc6 Nxc6 11. Bf4 Bf5 12. Rc1 Qa5 13. Bd2 Rfc8 14. e4 Bg4 15. h3 Bxf3 16. Bxf3 h5 17. Bg2 Rab8 18. Nd5 Qd8 19. Bc3 e6 20. Ne3 Ne8 21. Bxg7 Kxg7 22. Qd2 Qa5 23. Rfd1 Qxd2 24. Rxd2 e5 25. h4 Nd4 26. Nc2 Nxc2 27. Rcxc2 Kf6 28. Bh3 Rc7 29. f4 Re7 30. f5 Rc7 31. Rd5 g5 32. hxg5+ Kxg5 33. Rd1 Rc6 34. Kf2 Nf6 35. Kf3 Rh8 36. Rcd2 Ne8 37. Bf1 Rh6 38. b4 h4 39. Rh2 hxg3 40. Rxh6 Kxh6 41. Kxg3 Nf6 42. Kf3 Nh5 43. a4 Kg5 44. b5 axb5 45. axb5 Rc8 46. Rxd6 Ra8 47. c5 Ra3+ 48. Rd3 Ra1 49. Kf2 Rc1 50. Rd7 Kf4 1/2-1/2

[Event "5th EKA IIFL Investment 2019"]
[Site "Mumbai"]
[Date "2019.12.31"]
[Round "2.17"]
[White "Mithil, Ajgaonkar"]
[Black "Moksh Amit Doshi"]
[Result "1-0"]
[ECO "A48"]
[WhiteElo "2278"]
[BlackElo "2399"]
[Annotator "RC"]
[PlyCount "99"]
[EventDate "2019.12.30"]
[EventType "swiss"]
[EventCountry "IND"]
[SourceTitle "playchess.com"]
[Source "ChessBase"]
[SourceQuality "1"]
[TimeControl "40/5400+30:1800+30"]

1. d4 Nf6 2. Nf3 g6 3. e3 Bg7 4. Be2 O-O 5. O-O d5 6. b3 c5 7. c3 Nc6 8. Bb2 b6 9. Nbd2 Bb7 10. c4 cxd4 11. Nxd4 Na5 12. Rc1 Rc8 13. cxd5 Nxd5 14. Bf3 Qd7 15. Be2 a6 16. Nc4 Nxc4 17. bxc4 Nf6 18. Qb3 Qc7 19. Ba3 Ne4 20. Qb4 Rfd8 21. Rb1 Bxd4 22. exd4 Rxd4 23. Bb2 Rdd8 24. Rfd1 a5 25. Qa3 Rxd1+ 26. Rxd1 Rd8 27. Rxd8+ Qxd8 28. Qe3 Qd6 29. h4 Nc5 30. h5 f6 31. hxg6 hxg6 32. Bd4 e5 33. Bb2 Ne6 34. Bf3 Bxf3 35. Qxf3 Kg7 36. Qb7+ Qc7 37. Qd5 Nc5 38. Ba3 Qd7 39. Qa8 Ne6 40. Kh2 g5 41. Qe4 Qd4 42. Qc6 Kf7 43. Qb7+ Kg6 44. Qc8 Nf4 45. Qg8+ Kf5 46. Qh7+ Ng6 47. Qh3+ Qg4 48. Qd3+ Qe4 49. g4+ Kf4 50. Qg3# 1-0

[Event "5th EKA IIFL Investment 2019"]
[Site "Mumbai"]
[Date "2019.12.31"]
[Round "2.18"]
[White "Mendonca, Leon Luke"]
[Black "Aaryan, Varshney"]
[Result "1-0"]
[ECO "D35"]
[WhiteElo "2398"]
[BlackElo "2269"]
[Annotator "RC"]
[PlyCount "187"]
[EventDate "2019.12.30"]
[EventType "swiss"]
[EventCountry "IND"]
[SourceTitle "playchess.com"]
[Source "ChessBase"]
[SourceQuality "1"]
[TimeControl "40/5400+30:1800+30"]

1. d4 Nf6 2. c4 e6 3. Nc3 d5 4. cxd5 exd5 5. Bg5 Be7 6. e3 c6 7. Bd3 Nbd7 8. Qc2 O-O 9. Nge2 h6 10. Bh4 Re8 11. O-O Ne4 12. Bxe7 Qxe7 13. Rae1 Ndf6 14. f3 Nxc3 15. Nxc3 Be6 16. Qf2 Rad8 17. g4 b6 18. Kh1 c5 19. Rg1 g6 20. Ne2 Bc8 21. Nf4 cxd4 22. exd4 Qd6 23. Qd2 Rxe1 24. Rxe1 Re8 25. Rf1 Kg7 26. Kg1 Bd7 27. a3 Qe7 28. Kg2 Qd6 29. Ne2 Bc6 30. Kg1 Qe7 31. Nc3 Qd6 32. Bc2 Qb8 33. Kg2 Qd6 34. Bb1 Bd7 35. Kg1 Re7 36. Bd3 Re8 37. Ne2 Re7 38. Qf4 Qxf4 39. Nxf4 g5 40. Ng2 h5 41. h3 hxg4 42. hxg4 Re8 43. Kf2 Rc8 44. Ne3 Be6 45. Rh1 Rh8 46. Re1 Re8 47. Bb1 Rh8 48. Kg3 Rc8 49. Rh1 Re8 50. Ba2 Rc8 51. Bb3 a5 52. Bc2 Re8 53. Bb1 Bd7 54. Kf2 Rc8 55. Re1 Kf8 56. Ba2 Be6 57. Kg3 Kg7 58. Bb1 Rc7 59. f4 gxf4+ 60. Kxf4 Ng8 61. Rh1 Ne7 62. g5 Rc8 63. Bd3 Nc6 64. Nc2 Rh8 65. Rxh8 Kxh8 66. Bb5 Ne7 67. Ke5 Kg7 68. Bd3 Ng6+ 69. Kd6 Nf4 70. Bb5 Nh3 71. Kc7 Nxg5 72. Kxb6 Bf5 73. Ne3 Be4 74. Kxa5 Ne6 75. Bc6 Nxd4 76. Bxd5 Bd3 77. Kb4 Be2 78. Kc5 Nf3 79. b4 Ne5 80. b5 Nd7+ 81. Kb4 Kf6 82. Nc4 Ke7 83. a4 f5 84. a5 f4 85. a6 Bxc4 86. Bxc4 Kd6 87. a7 Nb6 88. Be2 Kc7 89. Bf3 Kd6 90. Ka5 Kc5 91. Ka6 Na8 92. Bxa8 f3 93. Bxf3 Kb4 94. a8=Q 1-0

[Event "5th EKA IIFL Investment 2019"]
[Site "Mumbai"]
[Date "2019.12.31"]
[Round "2.19"]
[White "Srihari, L R"]
[Black "Abdisalimov, Abdimalik"]
[Result "1-0"]
[ECO "A04"]
[WhiteElo "2271"]
[BlackElo "2394"]
[Annotator "ChessBase"]
[PlyCount "58"]
[EventDate "2019.12.30"]
[EventType "swiss"]
[EventCountry "IND"]
[SourceTitle "playchess.com"]
[Source "ChessBase"]
[SourceQuality "1"]
[TimeControl "40/5400+30:1800+30"]

1. Nf3 c5 2. g3 g6 3. Bg2 Bg7 4. O-O Nc6 5. c3 e5 6. e4 Nge7 7. d3 O-O 8. a3 a5 9. a4 h6 10. Na3 d6 11. Nd2 f5 12. Ndc4 Be6 13. Nb5 Nc8 14. f4 Rf7 15. Qe2 Qf8 16. Rd1 Rd7 17. d4 cxd4 18. cxd4 Bxc4 19. Qxc4+ Kh8 20. dxe5 Nb6 21. Qb3 dxe5 22. Be3 Qd8 23. Rxd7 Nxd7 24. Nd6 Qf8 25. Nf7+ Kh7 26. Qe6 Ne7 27. Rd1 Nf6 28. Bc5 Re8 29. fxe5 g5 1-0

[Event "5th EKA IIFL Investment 2019"]
[Site "Mumbai"]
[Date "2019.12.31"]
[Round "2.20"]
[White "Ziatdinov, Raset"]
[Black "Eraschenkov, Denis"]
[Result "1-0"]
[ECO "B35"]
[WhiteElo "2204"]
[BlackElo "2386"]
[Annotator "ChessBase"]
[PlyCount "45"]
[EventDate "2019.12.30"]
[EventType "swiss"]
[EventCountry "IND"]
[SourceTitle "playchess.com"]
[Source "ChessBase"]
[SourceQuality "1"]
[TimeControl "40/5400+30:1800+30"]

1. e4 c5 2. Nf3 Nc6 3. d4 cxd4 4. Nxd4 g6 5. Nc3 Bg7 6. Be3 Nf6 7. Bc4 O-O 8. Bb3 d6 9. f3 Bd7 10. h4 h5 11. Qd2 Ne5 12. O-O-O Rc8 13. Bg5 Rc5 14. Rhe1 b5 15. Kb1 a5 16. a3 b4 17. Na4 Bxa4 18. Bxa4 Nc4 19. Qe2 Nb6 20. Bb5 Qc8 21. f4 Rc7 22. Nb3 d5 23. Nxa5 1-0

[Event "5th EKA IIFL Investment 2019"]
[Site "Mumbai"]
[Date "2019.12.31"]
[Round "2.21"]
[White "Sammed Jaykumar, Shete"]
[Black "Navalgund, Niranjan"]
[Result "1/2-1/2"]
[ECO "C75"]
[WhiteElo "2381"]
[BlackElo "2231"]
[Annotator "ChessBase"]
[PlyCount "62"]
[EventDate "2019.12.30"]
[EventType "swiss"]
[EventCountry "IND"]
[SourceTitle "playchess.com"]
[Source "ChessBase"]
[SourceQuality "1"]
[TimeControl "40/5400+30:1800+30"]

1. e4 e5 2. Nf3 Nc6 3. Bb5 a6 4. Ba4 d6 5. c3 Bd7 6. O-O g6 7. h3 Bg7 8. d4 Nf6 9. Re1 O-O 10. Nbd2 Re8 11. Bc2 Nh5 12. Nf1 Nf4 13. Ne3 exd4 14. cxd4 Nb4 15. Bb1 Bb5 16. a4 Bd3 17. Nc2 Bxc2 18. Bxc2 Nxc2 19. Qxc2 Ne6 20. d5 Nd4 21. Nxd4 Bxd4 22. Be3 Bg7 23. Rac1 Rc8 24. Qb3 Rxe4 25. a5 c5 26. Qxb7 Rb4 27. Qxa6 Ra8 28. Qc6 Rc8 29. Qa6 Ra8 30. Qc6 Rc8 31. Qa6 Ra8 1/2-1/2

[Event "5th EKA IIFL Investment 2019"]
[Site "Mumbai"]
[Date "2019.12.31"]
[Round "2.22"]
[White "Gandhi, Anish"]
[Black "Manik, Mikulas"]
[Result "1-0"]
[ECO "E71"]
[WhiteElo "2168"]
[BlackElo "2379"]
[Annotator "ChessBase"]
[PlyCount "87"]
[EventDate "2019.12.30"]
[EventType "swiss"]
[EventCountry "IND"]
[SourceTitle "playchess.com"]
[Source "ChessBase"]
[SourceQuality "1"]
[TimeControl "40/5400+30:1800+30"]

1. d4 Nf6 2. c4 g6 3. Nc3 Bg7 4. e4 d6 5. h3 O-O 6. Nf3 e5 7. d5 a5 8. Be3 Na6 9. g4 Nc5 10. Nd2 c6 11. Be2 Nfd7 12. h4 Nb6 13. g5 Bd7 14. h5 Rc8 15. Nb3 Nba4 16. Nxa4 Nxa4 17. Qd2 cxd5 18. cxd5 b6 19. f3 Nc5 20. Nxc5 bxc5 21. Bc4 Rb8 22. h6 Bh8 23. O-O-O Bb5 24. Bxb5 Rxb5 25. Qd3 Qb6 26. Rd2 f5 27. Rc2 a4 28. Rhh2 Rb4 29. a3 Rb3 30. Rc3 fxe4 31. Rxb3 axb3 32. fxe4 Qa5 33. Rh1 Qa4 34. Rh2 c4 35. Qc3 Rf1+ 36. Kd2 Ra1 37. Qb4 Qe8 38. Rf2 Rb1 39. Kc3 Re1 40. Kd2 Rb1 41. Qxd6 Rxb2+ 42. Kc3 Rxf2 43. Bxf2 Qb5 44. Bc5 1-0

[Event "5th EKA IIFL Investment 2019"]
[Site "Mumbai"]
[Date "2019.12.31"]
[Round "2.23"]
[White "Czebe, Attila"]
[Black "Dere Pushkar"]
[Result "1-0"]
[ECO "A05"]
[WhiteElo "2374"]
[BlackElo "2061"]
[Annotator "ChessBase"]
[PlyCount "95"]
[EventDate "2019.12.30"]
[EventType "swiss"]
[EventCountry "IND"]
[SourceTitle "playchess.com"]
[Source "ChessBase"]
[SourceQuality "1"]
[TimeControl "40/5400+30:1800+30"]

1. Nf3 Nf6 2. g3 g6 3. b3 Bg7 4. Bb2 d5 5. Bg2 O-O 6. O-O c5 7. e3 Nc6 8. Ne5 Qc7 9. Nxc6 bxc6 10. Nc3 Rb8 11. Na4 Nd7 12. Bxg7 Kxg7 13. d4 cxd4 14. exd4 Ba6 15. Re1 e6 16. Qd2 Rfc8 17. Re3 Bb5 18. Nc3 c5 19. Nxb5 Rxb5 20. c4 dxc4 21. d5 cxb3 22. dxe6 b2 23. Rb1 Ne5 24. Rxb2 Rd8 25. Qxd8 Qxd8 26. Rxb5 Qd1+ 27. Bf1 Nf3+ 28. Rxf3 Qxf3 29. Rxc5 Qb7 30. exf7 Qxf7 31. a4 Qe7 32. Rb5 Qe4 33. a5 Kh6 34. h4 Qd4 35. Rb7 Qc5 36. a6 Qd4 37. Rf7 Qb6 38. Kh2 g5 39. Bd3 Kh5 40. Rxh7+ Kg4 41. Rf7 gxh4 42. f3+ Kh5 43. Rh7+ Kg5 44. Rg7+ Kh6 45. Rg6+ Qxg6 46. Bxg6 hxg3+ 47. Kxg3 Kxg6 48. Kg4 1-0